 Dungeon Crawl Stone Soup version 0.21-a0-634-gaf8bc5d (webtiles) character file.

3770 theanonym the Grappler (level 10, -25/106 HPs)
             Began as an Ogre Transmuter on Dec 29, 2017.
             Was an Initiate of Gozag.
             Annihilated by Feta's ghost (31 damage)
             ... while paralysed
             ... on level 7 of the Dungeon.
             The game lasted 00:27:19 (11016 turns).

theanonym the Grappler (Ogre Transmuter)           Turns: 11016, Time: 00:27:20

Health: -25/106    AC:  8    Str: 17      XL:     10   Next: 16%
Magic:  17/17      EV:  1    Int: 17      God:    Gozag
Gold:   171        SH:  0    Dex:  6 (7)  Spells: 10/19 levels left

rFire    . . .     SeeInvis +     - Unarmed
rCold    . . .     Gourm    .   (no shield)
rNeg     + . .     Faith    .   f - +2 robe {Archmagi} {0}
rPois    .         Spirit   .   (helmet restricted)
rElec    .         Reflect  +   m - +0 cloak
rCorr    .         Harm     .   (gloves unavailable)
MR       +....                  (boots unavailable)
Stlth    +.........             d - +4 amulet of reflection
HPRegen  0.27/turn              k - -3 ring of strength (curse)
MPRegen  0.15/turn              r - ring of Tywn {Wiz rN+ Str+4 Dex-2 SInv}

@: paralysed, fainting
A: large, unfitting armour, antennae 1, molten scales 1, tough skin 1
a: Potion Petition, Call Merchant, Bribe Branch, Renounce Religion


Innate Abilities, Weirdness & Mutations

You are too large for most types of armour.
You have tough skin. (AC +1)
You have a pair of small antennae on your head.
You are partially covered in molten scales. (AC +2)


   Skills:
 + Level 8.7 Fighting
 - Level 1.7 Dodging
 * Level 9.0 Unarmed Combat
 - Level 5.0 Spellcasting
 + Level 6.3 Transmutations
 - Level 3.0 Poison Magic


You had 10 spell levels left.
You knew the following spells:

 Your Spells              Type           Power        Failure   Level  Hunger
a - Ice Form              Ice/Tmut       ###.....     16%         4    ####...
b - Sticks to Snakes      Tmut           #####...     1%          2    #......
c - Spider Form           Tmut/Pois      ####......   2%          3    ###....

Skill      XL: |  1  2  3  4  5  6  7  8  9 10 |
---------------+-------------------------------+-----
Unarmed Combat | 3 4 5 7 8 9 |  9.0
Transmutations | 2 3 4 6 |  6.3
Fighting       | 2 3 4 5 6 8 |  8.7
Poison Magic   | 1 2 3 |  3.0
Spellcasting   | 4 5 |  5.0
Dodging        | |  1.7

Action                   |  1- 3 |  4- 6 |  7- 9 | 10-12 || total
-------------------------+-------+-------+-------+-------++-------
Melee: Unarmed           |   168 |   267 |   392 |    65 ||   892
       Punch             |     3 |       |     2 |       ||     5
       Headbutt          |     1 |     3 |       |       ||     4
       Kick              |     4 |     1 |       |       ||     5
 Cast: Beastly Appendage |     8 |     5 |       |       ||    13
       Spider Form       |     1 |    12 |    20 |     2 ||    35
       Sticks to Snakes  |     1 |     3 |     1 |       ||     5
       Ice Form          |       |     1 |     1 |       ||     2
Invok: Potion Petition   |       |       |     1 |       ||     1
Evoke: Wand              |       |     2 |       |       ||     2
  Use: Scroll            |       |     5 |     8 |       ||    13
       Potion            |       |       |     1 |     1 ||     2
 Stab: Sleeping          |     1 |       |       |       ||     1
       Held in net/web   |       |       |     1 |       ||     1
  Eat: Chunk             |     4 |     9 |       |       ||    13
       Ration            |       |     1 |     7 |       ||     8
Armor: Robe              |    29 |    45 |    74 |     9 ||   157
       Skin              |     2 |     6 |    17 |       ||    25
Dodge: Dodged            |    74 |   144 |   287 |    58 ||   563
Block: Other             |    18 |    38 |    69 |    14 ||   139
       Reflection        |     1 |     3 |     3 |     1 ||     8

Inventory:

Missiles
 a - 149 arrows
 s - a throwing net (quivered)
Armour
 f - a +2 robe of the Archmagi (worn) {0}
   (You found it on level 2 of the Dungeon)
 m - a +0 cloak (worn)
   (You found it on level 3 of the Dungeon)
Jewellery
 d - a +4 amulet of reflection (around neck)
   (You found it on level 1 of the Dungeon)
 k - a cursed -3 ring of strength (left hand)
   (You found it on level 5 of the Dungeon)
 n - an uncursed ring of positive energy {rN+rN+}
   (You found it on level 1 of the Dungeon)
 r - the ring of Tywn (right hand) {Wiz rN+ Str+4 Dex-2 SInv}
   (You bought it in a shop on level 6 of the Dungeon)

   [ring of wizardry]

   It improves your spell success rate.
   It affects your strength (+4).
   It affects your dexterity (-2).
   It protects you from negative energy.
   It lets you see invisible.
 B - a +5 ring of strength
   (You found it on level 5 of the Dungeon)
Wands
 A - a wand of flame (22)
   (You took it off a goblin on level 3 of the Dungeon)
Scrolls
 b - 2 scrolls of enchant armour
 e - a scroll of fear
 h - 3 scrolls of amnesia
 t - 3 scrolls of teleportation {!r}
 v - a scroll of immolation
 y - a scroll of magic mapping
Potions
 g - a potion of heal wounds {unknown}
 i - 2 potions of flight
 j - a potion of resistance {unknown}
 l - 2 potions of brilliance {unknown}
 p - a potion of degeneration {unknown}
 q - 2 potions of mutation
 u - a potion of invisibility {unknown}
 w - 2 potions of curing
 x - 2 potions of berserk rage {unknown}
 z - a potion of magic {unknown}
Books
 c - a book of Changes


You were on level 7 of the Dungeon.
You worshipped Gozag.
Gozag was aware of your devotion.
You were fainting.

You visited 1 branch of the dungeon, and saw 7 of its levels.

You collected 965 gold pieces.
You spent 744 gold pieces at shops.
You paid 50 gold pieces to Gozag.

Dungeon Overview and Level Annotations

Branches:
Dungeon (7/15)             Temple (0/1) D:7

Altars:
Gozag
Makhleb
Okawaru
Sif Muna
Trog
Xom

Shops:
D:6 ([=}

Annotations:
D:3 Sigmund
D:7 Feta's ghost, novice MfGl


Message History

There is a stone staircase leading up here.
You need to eat something NOW!
There is an open door here.
A centaur comes into view. It is wielding a war axe.
The centaur unwields an uncursed war axe.
The centaur wields a shortbow.
The centaur shoots an arrow.
The arrow hits you.
There is an open door here.
You see here an arrow.
You take 6 damage, and have 100/106 hp.
The centaur shoots an arrow.
You reflect the arrow off an invisible shield around you!
The arrow hits the centaur!
The centaur shoots an arrow.
The arrow hits you!
You see here an arrow.
You take 13 damage, and have 87/106 hp.
The centaur unwields an uncursed shortbow.
The centaur wields an uncursed war axe.
The centaur barely misses you.
You hit the centaur but do no damage. You closely miss the centaur.
The centaur hits you with an uncursed war axe.
You take 1 damage, and have 87/106 hp.
You hit the centaur. You block the centaur's attack.
You punch the centaur!
The centaur hits you with an uncursed war axe!
You take 9 damage, and have 78/106 hp.
You barely miss the centaur.
The centaur hits you with an uncursed war axe!
The centaur hits you with an uncursed war axe.
You take 12 damage, and have 66/106 hp.
You barely miss the centaur. The centaur barely misses you.
You barely miss the centaur.
The centaur hits you with an uncursed war axe.
You take 4 damage, and have 62/106 hp.
You hit the centaur but do no damage. The centaur closely misses you.
You closely miss the centaur.
The centaur hits you with an uncursed war axe.
You take 3 damage, and have 59/106 hp.
You hit the centaur. The centaur completely misses you.
You barely miss the centaur. You block the centaur's attack.
You hit the centaur.
You kill the centaur!
You now have 130 gold pieces (gained 10).
a - 149 arrows (gained 30)
Things that are here:
an uncursed war axe; an uncursed shortbow You're too hungry to rest.
Found 18 poisoned needles.
Found 9 gold pieces.
You are fainting from starvation!
Okay, then.
Unknown command.
You now have 139 gold pieces (gained 9).
You see here 18 stones.
You now have 145 gold pieces (gained 6).
You see here a whip.
You now have 156 gold pieces (gained 11).
There is an open door, spattered with blood here.
You now have 171 gold pieces (gained 15).
You see here a whip.
Feta's ghost turns its malevolent gaze towards you.
Things that are here:
6 gold pieces; a scale mail {10}; a spear
Things that are here:
6 gold pieces; a scale mail {10}; a spear You lose consciousness!
Feta's ghost hits you! Feta's ghost hits you!!
* * * LOW HITPOINT WARNING * * *
Feta's ghost hits you!!
* * * LOW HITPOINT WARNING * * *
Feta's ghost hits you!
* * * LOW HITPOINT WARNING * * *
Feta's ghost hits you.
* * * LOW HITPOINT WARNING * * *
Feta's ghost hits you but does no damage.
You can move again.
You take 70 damage, and have 5/106 hp.
MASSIVE DAMAGE!!
Unknown command.
Unknown command.
Unknown command.
Unknown command.
Unknown command.
Unknown command.
Unknown command.
Unknown command.
Unknown command.
Unknown command.
Unknown command.
Unknown command.
Unknown command.
Unknown command.
Unknown command.
Unknown command.
Unknown command.
Unknown command.
Things that are here:
6 gold pieces; a scale mail {10}; a spear You lose consciousness!
Feta's ghost hits you!!
You die...
Your body crumbles into a pile of gold.

#....................(
#.....................
#.....................
#.....................
#...)........(........
###'######'##'#####'##
#....'...............
#....#...........$...
#...@#...............
#...#W$#########.....
#######........#.....
#........#.....
#........#.....
#........#.....
#........#.....
#........#...##
###.....##...##


You could see Feta's ghost.

Notes
Turn   | Place    | Note
-------+----------+-------------------------------------------
     0 | D:1      | theanonym the Ogre Transmuter began the quest for the Orb.
     0 | D:1      | Reached XP level 1. HP: 19/19 MP: 3/3
    45 | D:1      | HP: 8/19 [leopard gecko (2)]
    50 | D:1      | HP: 4/19 [leopard gecko (1)]
    53 | D:1      | Reached XP level 2. HP: 7/28 MP: 5/5
    55 | D:1      | HP: 6/28 [rat (1)]
    58 | D:1      | Reached skill level 3 in Unarmed Combat
    60 | D:1      | HP: 6/28 [kobold/dagger (1)]
    61 | D:1      | Reached skill level 2 in Transmutations
   454 | D:1      | Learned a level 2 spell: Sticks to Snakes
   498 | D:1      | HP: 13/28 [hobgoblin/club (2)]
   700 | D:1      | Reached skill level 2 in Fighting
   883 | D:1      | Reached XP level 3. HP: 21/35 MP: 3/6
  1410 | D:1      | Learned a level 3 spell: Spider Form
  2003 | D:2      | Reached XP level 4. HP: 32/44 MP: 3/7
  2466 | D:2      | Reached skill level 1 in Poison Magic
  2476 | D:2      | HP: 22/44 [poisoned by an adder]
  2484 | D:2      | HP: 21/44 [poisoned by an adder]
  2838 | D:2      | Reached skill level 3 in Fighting
  3123 | D:3      | Reached XP level 5. HP: 45/53 MP: 6/8
  3181 | D:3      | Noticed Jessica
  3188 | D:3      | Killed Jessica
  3188 | D:3      | Reached skill level 4 in Unarmed Combat
  3223 | D:3      | Noticed a centaur
  3233 | D:3      | Killed a centaur
  3233 | D:3      | Reached XP level 6. HP: 44/61 MP: 5/9
  3431 | D:3      | Reached skill level 3 in Transmutations
  3541 | D:3      | Found an iron altar of Okawaru.
  3785 | D:3      | Learned a level 4 spell: Ice Form
  3917 | D:3      | Reached skill level 4 in Fighting
  4070 | D:3      | Found a bloodstained altar of Trog.
  4278 | D:3      | Noticed Robin
  4291 | D:3      | Killed Robin
  4291 | D:3      | Reached skill level 2 in Poison Magic
  4465 | D:3      | Noticed Sigmund
  4824 | D:4      | Noticed a phantom
  5182 | D:4      | Found a burning altar of Makhleb.
  5182 | D:4      | Found a deep blue altar of Sif Muna.
  5187 | D:4      | Found an opulent altar of Gozag.
  5189 | D:4      | Found a faded altar of an unknown god.
  5190 | D:4      | Found a faded altar of an unknown god.
  5193 | D:4      | theanonym: !lg * win --tm s=god
  5193 | D:4      | beem: 2001 games for * (win --tm): 627x Cheibriados, 240x Okawaru, 175x Makhleb, 115x Ru, 95x Ashenzari, 88x, 75x Sif Muna, 74x Jiyva, 60x Kikubaaqudgha, 59x Gozag, 52x Nemelex Xobeh, 49x Dithmenos, 45x The Shining One, 45x Fedhas, 29x Wu Jian, 22x Yredelemnul, 22x Qazlal, 19x Elyvilon, 17x Trog, 16x Zin, 15x Hepliaklqana, 13x Xom, 13x Lugonu, 12x Uskayaw, 9x Beogh, 9x Vehumet, 4x Wudzu, Pakellas, Ign...
  5193 | D:4      | Became a worshipper of Gozag Ym Sagoz the Greedy
  5242 | D:4      | HP: 27/74 [ogre/giant spiked club (19)]
  5244 | D:4      | Killed a phantom
  5244 | D:4      | Reached skill level 5 in Unarmed Combat
  5244 | D:4      | Reached XP level 7. HP: 30/71 MP: 2/10
  5575 | D:4      | Found a shimmering altar of Xom.
  5885 | D:4      | Reached skill level 5 in Fighting
  5922 | D:5      | Entered Level 5 of the Dungeon
  6106 | D:5      | Reached skill level 4 in Transmutations
  6123 | D:5      | Reached skill level 3 in Poison Magic
  6123 | D:5      | Reached XP level 8. HP: 46/80 MP: 2/11
  6430 | D:5      | Reached skill level 6 in Unarmed Combat
  6799 | D:5      | Reached skill level 3 in Spellcasting
  7493 | D:6      | Noticed a two-headed ogre
  7500 | D:5      | Reached skill level 6 in Fighting
  7501 | D:5      | HP: 41/83 [poisoned by a gnoll]
  7507 | D:5      | HP: 28/83 [poisoned by a gnoll]
  7513 | D:5      | HP: 26/83 [poisoned by a gnoll]
  7519 | D:5      | HP: 25/83 [poisoned by a gnoll]
  7527 | D:5      | HP: 25/83 [poisoned by a gnoll]
  7814 | D:6      | Found Weziejux's Antique Weapon Shoppe.
  8123 | D:6      | Reached skill level 4 in Spellcasting
  8126 | D:6      | Reached skill level 7 in Unarmed Combat
  8126 | D:6      | Reached XP level 9. HP: 90/92 MP: 10/15
  8293 | D:6      | Found Tozussot's Antique Armour Boutique.
  8308 | D:6      | Reached skill level 5 in Transmutations
  8334 | D:6      | Found Majov's Gadget Boutique.
  8345 | D:6      | Found Neiriseu's Jewellery Shoppe.
  8427 | D:6      | HP: 46/92 [poisoned by a water moccasin]
  8432 | D:6      | HP: 43/92 [poisoned by a water moccasin]
  8437 | D:6      | HP: 41/92 [poisoned by a water moccasin]
  8442 | D:6      | HP: 41/92 [poisoned by a water moccasin]
  8450 | D:6      | HP: 41/92 [poisoned by a water moccasin]
  8458 | D:6      | HP: 41/92 [poisoned by a water moccasin]
  8845 | D:6      | HP: 39/92 [two-headed ogre/giant club (15)]
  8846 | D:6      | HP: 2/92 [two-headed ogre/giant club (26)]
  8849 | D:6      | Killed a two-headed ogre
  8849 | D:6      | Reached skill level 7 in Fighting
  8849 | D:6      | Reached skill level 5 in Spellcasting
  9308 | D:7      | Reached skill level 8 in Unarmed Combat
  9330 | D:7      | Noticed Feta's ghost (novice MfGl)
  9439 | D:7      | HP: 46/94 [gnoll sergeant/spear (9)]
  9445 | D:7      | HP: 28/96 [gnoll sergeant/spear (6)]
  9452 | D:7      | HP: 20/96 [gnoll sergeant/spear (9)]
  9478 | D:7      | Gained mutation: You are partially covered in molten scales. (AC +2) [potion of mutation]
  9478 | D:7      | Gained mutation: You have a pair of small antennae on your head. [potion of mutation]
  9645 | D:7      | HP: 47/96 [hippogriff (8)]
  9648 | D:7      | Reached skill level 8 in Fighting
 10050 | D:7      | Reached skill level 6 in Transmutations
 10050 | D:7      | Reached XP level 10. HP: 97/105 MP: 13/17
 10243 | D:7      | Found a staircase to the Ecumenical Temple.
 10318 | D:6      | Bought the ring of Tywn {Wiz rN+ Str+4 Dex-2 SInv} for 744 gold pieces
 10417 | D:7      | Found a shimmering altar of Xom.
 10542 | D:7      | HP: 53/106 [killer bee (9)]
 10544 | D:7      | Reached skill level 9 in Unarmed Combat
 11005 | D:7      | Paralysed by fainting for 8 turns
 11008 | D:7      | HP: 30/106 [Feta's ghost (30)]
 11009 | D:7      | HP: 12/106 [Feta's ghost (18)]
 11010 | D:7      | HP: 5/106 [Feta's ghost (7)]
 11015 | D:7      | Paralysed by fainting for 7 turns
 11016 | D:7      | Annihilated by Feta's ghost

Vanquished Creatures
  A two-headed ogre (D:6)
  A hippogriff (D:7)
  A hungry ghost (D:7)
  A water moccasin (D:6)
  2 phantoms
  A sky beast (D:7)
  2 ogres
  4 centaurs
  3 bullfrogs
  A gnoll sergeant (D:7)
  2 scorpions
  4 killer bees (D:7)
  2 howler monkeys
  7 crimson imps
  2 quasits (D:7)
  A bullfrog zombie (D:7)
  A bullfrog skeleton (D:5)
  4 hounds
  2 jellies
  2 orc priests
  3 orc wizards
  A centaur skeleton (D:7)
  2 gnoll shamans
  Jessica (D:3)
  3 worker ants
  A hound zombie (D:7)
  A hound skeleton (D:5)
  Robin (D:3)
  15 gnolls
  13 adders
  A shadow imp (D:5)
  An ooze (D:1)
  An adder zombie (D:5)
  An adder skeleton (D:7)
  4 worms
  A dart slug (D:4)
  3 leopard geckos
  13 orcs
  3 bats
  8 giant cockroaches
  15 hobgoblins
  9 jackals
  4 quokkas
  3 ball pythons
  3 frilled lizards
  18 goblins
  10 kobolds
  2 quokka skeletons
  13 rats
198 creatures vanquished.

Vanquished Creatures (collateral kills)
  An adder (D:2)
  A leopard gecko (D:2)
  A leopard gecko skeleton (D:6)
3 creatures vanquished.

Grand Total: 201 creatures vanquished

Table legend:
 A = Turns spent in this place as a percentage of turns spent in the entire game.
 B = Non-inter-level travel turns spent in this place as a percentage of non-inter-level travel turns spent in the entire game.
 C = Inter-level travel turns spent in this place as a percentage of turns spent in this place.
 D = Turns resting spent in this place as a percentage of non-inter-level travel turns spent in this place.
 E = Turns spent auto-exploring this place as a percentage of non-inter-level travel turns spent in this place.
 F = Non-inter-level travel turns spent in this place divided by the number of levels of this place that you've seen.
                   A       B       C       D       E      F
               +-------+-------+-------+-------+-------+----------------------
         Total | 100.0 | 100.0 |   4.1 |  35.9 |  45.9 | 1508.4
       Dungeon | 100.0 | 100.0 |   4.1 |  35.9 |  45.9 | 1508.4
               +-------+-------+-------+-------+-------+----------------------
